 Dungeon Crawl Stone Soup version 0.18.1-47-g9310371 (webtiles) character file.

1621 Larett the Covert (level 8, -2/63 HPs)
             Began as a Deep Dwarf Artificer on June 18, 2016.
             Was a Follower of Pakellas.
             Slain by an orc warrior
             ... wielding a +2 glaive of venom
              (21 damage)
             ... on level 6 of the Dungeon.
             The game lasted 00:22:21 (5345 turns).

Larett the Covert (Deep Dwarf Artificer)            Turns: 5345, Time: 00:22:22

Health: -2/63      AC:  3    Str: 18    XL:     8   Next: 64%
Magic:  6/10       EV: 15    Int: 12    God:    Pakellas [*.....]
Gold:   236        SH:  0    Dex: 13    Spells: 0 memorised, 7 levels left

rFire  . . .     SeeInvis .     a - +0 short sword
rCold  + . .     Gourm    .     r - +0 robe {rC+}
rNeg   . . .     Faith    .     (no shield)
rPois  .         Spirit   .     (no helmet)
rElec  .         Dismiss  .     K - +0 cloak
rCorr  .         Reflect  .     (no gloves)
SustAt .         Harm     .     (no boots)
MR     +....                    (no amulet)
Stlth  ++++++....               u - ring of stealth
                                s - +3 ring of evasion

@: non-regenerating, somewhat resistant to hostile enchantments, very stealthy
A: damage resistance, recharge devices, sense surroundings 1, slow regeneration
3
a: Device Recharging, Quick Charge, Renounce Religion


You were on level 6 of the Dungeon.
You worshipped Pakellas.
Pakellas was aware of your devotion.
You were not hungry.

You visited 2 branches of the dungeon, and saw 7 of its levels.
You also visited: Sewer.

You collected 236 gold pieces.

Inventory:

Hand Weapons
 a - a +0 short sword (weapon)
 b - a +0 hunting sling
 n - a +0 flail of draining
 p - a +0 antimagic dagger
 C - a +1 shortbow of flaming
 I - a +1 whip of electrocution
 P - a +0 dire flail
Missiles
 l - 192 stones (quivered)
 v - 5 tomahawks
 x - 55 sling bullets
 z - 40 arrows
Armour
 o - a +0 leather armour
 r - a +0 robe of cold resistance (worn)
 K - a +0 cloak (worn)
Jewellery
 s - a +3 ring of evasion (left hand)
 t - a +3 ring of dexterity
 u - a ring of stealth (right hand)
 F - an uncursed ring of protection from fire
Wands
 c - a wand of flame (6/48)
 d - a wand of enslavement (17/24)
 f - a wand of heal wounds (4/9)
 B - a wand of slowing (7/48)
Scrolls
 m - a scroll of magic mapping
 w - 5 scrolls of teleportation
 y - a scroll of remove curse
 A - 2 scrolls of identify
 E - a scroll of silence {unknown}
 G - 3 scrolls of fear
 J - a scroll of noise {unknown}
 M - a scroll of fog {unknown}
 O - 2 scrolls of blinking {unknown}
Potions
 e - a potion of haste {unknown}
 h - a potion of curing {unknown}
 i - 2 potions of brilliance
 j - 6 potions of flight
 k - a potion of lignification {unknown}
 H - a potion of might {unknown}
 L - 2 potions of cure mutation {!q}
 N - 3 potions of heal wounds {unknown}
 Q - a potion of magic {unknown}
 R - a potion of invisibility {unknown}
Comestibles
 g - 4 bread rations
 q - 5 meat rations
 D - 5 chunks of flesh {@w1}


   Skills:
 - Level 0.8 Fighting
 - Level 0.8 Short Blades
 - Level 2.1 Dodging
 - Level 10.8 Stealth
 + Level 10.1 Evocations


You had 7 spell levels left.
You didn't know any spells.

Dungeon Overview and Level Annotations

Branches:
Dungeon (6/15)             Temple (1/1) D:4

Altars:
Ashenzari
Cheibriados
Dithmenos
Elyvilon
Gozag
Kikubaaqudgha
Makhleb
Nemelex Xobeh
Okawaru
Pakellas
Qazlal
Ru
Sif Muna
Trog
Vehumet
Xom
Yredelemnul
Zin


Innate Abilities, Weirdness & Mutations

You are resistant to damage.
You can recharge devices by infusing magical energy.
You passively map a small area around you.
You do not regenerate naturally.


Message History

You hit the orc but do no damage.
The orc is heavily wounded.
The orc misses you.
You hit the orc but do no damage.
The orc is heavily wounded.
The orc closely misses you.
You hit the orc.
You kill the orc!
Pakellas accepts your kill.
Things that are here:
a flail; a leather armour An orc comes into view.
It is wielding a dagger.
The orc warrior shouts!
The orc shouts! x3
You hit the orc warrior but do no damage.
The orc warrior misses you.
You hit the orc warrior.
The orc warrior is lightly wounded.
The orc warrior hits you with a glaive of venom!!
You die...
Pakellas says: Good help is so hard to find these days!

#....## #.......##.###
#..######.###......###
#...##.[......#.......
#....#.......>........
##...###.####..##.....
##########...##.# #...##.#..
#.^.....).....#.####.#..#....
#.........>.o.#)##...##......
#..........#q............####
#.......o....##....#.......##
#.......o......>...#.......#.
#.)...........#.##...........
#.............#.###........#.
#............................
#............##.###...###....
#########....##..##.###...##.
#......[.#..#†....##..##...


You could see an orc warrior and 2 orcs.

Vanquished Creatures
  The ghost of valrus the Charlatan, an amateur FoAr (D:3)
  An orc warrior (D:6)
  Purgy (Sewer)
  A slave (D:6)
  An ogre (D:6)
  A phantom (D:6)
  A centaur (D:5)
  2 giant frogs (D:6)
  3 hounds
  A giant frog zombie (D:5)
  A jelly (D:5)
  2 orc priests
  An orc wizard (D:5)
  3 iguanas
  3 worker ants
  A howler monkey zombie (D:5)
  A howler monkey skeleton (D:4)
  8 adders
  An adder zombie (D:5)
  5 worms
  A dart slug (D:2)
  2 giant geckos
  13 orcs
  5 giant cockroaches
  4 goblins
  6 hobgoblins
  10 jackals
  8 kobolds
  3 quokkas
  2 ball pythons (Sewer)
  3 bats (D:1)
  5 giant newts
  A quokka skeleton (D:4)
  A quokka zombie (D:5)
  12 rats
115 creatures vanquished.

Vanquished Creatures (collateral kills)
  Pikel (D:6)
  An orc wizard (D:6)
  5 orcs
  A giant newt (D:3)
8 creatures vanquished.

Vanquished Creatures (others)
  A worker ant (D:6)
  A giant cockroach (D:6)
2 creatures vanquished.

Grand Total: 125 creatures vanquished

Notes
Turn   | Place    | Note
--------------------------------------------------------------
     0 | D:1      | Larett the Deep Dwarf Artificer began the quest for the Orb.
     0 | D:1      | Reached XP level 1. HP: 16/16 MP: 3/3
   105 | D:1      | Reached skill level 2 in Stealth
   190 | D:1      | Reached XP level 2. HP: 19/24 MP: 5/5
   210 | D:1      | Reached skill level 3 in Stealth
   499 | D:1      | Reached XP level 3. HP: 15/30 MP: 6/6
   502 | D:1      | Reached skill level 4 in Stealth
   902 | D:2      | Reached skill level 5 in Stealth
   902 | D:2      | Reached XP level 4. HP: 21/37 MP: 7/7
  1021 | D:2      | Found an iron altar of Okawaru.
  1344 | D:2      | Found a burning altar of Makhleb.
  1659 | D:3      | Found a stormy altar of Qazlal.
  1737 | D:3      | Noticed valrus's ghost (amateur FoAr)
  1744 | D:3      | Killed valrus's ghost
  1744 | D:3      | Reached skill level 7 in Stealth
  1744 | D:3      | Reached XP level 5. HP: 26/43 MP: 8/8
  1814 | D:3      | Found a glowing drain.
  1902 | Sewer    | Entered a sewer
  2001 | Sewer    | Noticed Purgy
  2032 | Sewer    | Killed Purgy
  2032 | Sewer    | Reached skill level 8 in Stealth
  2032 | Sewer    | Reached XP level 6. HP: 27/50 MP: 7/7
  2549 | D:3      | Found a glowing silver altar of Zin.
  2771 | D:4      | Reached skill level 9 in Stealth
  3460 | D:4      | Found a staircase to the Ecumenical Temple.
  3722 | Temple   | Entered the Ecumenical Temple
  3805 | Temple   | Became a worshipper of Pakellas the Inventive
  3889 | D:5      | Entered Level 5 of the Dungeon
  3900 | D:5      | Reached XP level 7. HP: 33/56 MP: 8/8
  3940 | D:5      | Reached skill level 10 in Stealth
  4304 | D:5      | Found a shattered altar of Ashenzari.
  4514 | D:5      | Found a shadowy altar of Dithmenos.
  4664 | D:6      | Reached * piety under Pakellas
  4664 | D:6      | Received a gift from Pakellas
  4703 | D:6      | Noticed Pikel
  4707 | D:6      | HP: 10/56 [Pikel/whip of electrocution (17)]
  4711 | D:6      | HP: 4/56 [slave[Pikel] (3)]
  4735 | D:6      | HP: 11/56 [slave[Pikel] (6)]
  4735 | D:6      | Killed Pikel
  4735 | D:6      | Reached skill level 7 in Evocations
  4735 | D:6      | Reached XP level 8. HP: 13/63 MP: 3/10
  4878 | D:6      | Reached skill level 8 in Evocations
  5032 | D:6      | Reached skill level 9 in Evocations
  5168 | D:6      | HP: 1/63 [orc warrior/dire flail (15)]
  5276 | D:6      | Reached skill level 10 in Evocations
  5345 | D:6      | Slain by an orc warrior

Skill      XL: |  1  2  3  4  5  6  7  8 |
---------------+-------------------------+-----
Stealth        | 2 3 5 7 8 9 10 | 10.8
Evocations     | 7 10 | 10.1
Fighting       | |  0.8
Short Blades   | |  0.8
Dodging        | |  2.1

Action                   |  1- 3 |  4- 6 |  7- 9 || total
-------------------------+-------+-------+-------++-------
Melee: Short sword       |   147 |   186 |   143 ||   476
 Fire: Hunting sling     |    21 |    73 |    24 ||   118
       Shortbow          |       |       |     3 ||     3
 Abil: Device Recharging |       |     2 |     3 ||     5
Evoke: Wand              |     1 |    25 |    26 ||    52
  Use: Scroll            |       |     9 |     1 ||    10
 Stab: Sleeping          |     1 |     9 |    20 ||    30
  Eat: Chunk             |       |    10 |     5 ||    15
Armor: Leather armour    |    26 |    43 |       ||    69
       Robe              |       |       |    14 ||    14
Dodge: Dodged            |   119 |   207 |   108 ||   434
